 Dungeon Crawl Stone Soup version 0.22.1-1-ga44c0e5 (webtiles) character file.

38 flecky the Ruffian (level 3, -6/33 HPs)
             Began as a Ghoul Monk on Oct 18, 2018.
             Mangled by Natasha (10 damage)
             ... on level 2 of the Dungeon.
             The game lasted 00:02:10 (453 turns).

flecky the Ruffian (Ghoul Monk)                      Turns: 453, Time: 00:02:11

Health: -6/33      AC:  3    Str: 15    XL:     3   Next: 43%
Magic:  2/2        EV: 13    Int:  5    God:
Gold:   29         SH:  0    Dex: 11    Spells: 2/2 levels left

rFire    . . .     SeeInvis .     - Unarmed
rCold    + . .     Gourm    .   (no shield)
rNeg     + + +     Faith    .   a - +0 robe
rPois    ∞         Spirit   .   d - +0 helmet
rElec    .         Reflect  .   (no cloak)
rCorr    .         Harm     .   (no gloves)
MR       .....                  (no boots)
Stlth    ++........             (no amulet)
HPRegen  0.00/turn              (no ring)
MPRegen  0.08/turn              (no ring)

@: rotting, slowed, very slow
A: rotting body, claws 1, carnivore, cold resistance 1, negative energy
resistance 3, inhibited regeneration, torment resistance, unbreathing
a: no special abilities


You were on level 2 of the Dungeon.
You were not hungry.

You visited 1 branch of the dungeon, and saw 2 of its levels.

You collected 29 gold pieces.

Inventory:

Armour
 a - a +0 robe (worn)
 d - a +0 helmet (worn)
Scrolls
 e - a scroll of random uselessness {unknown}
 g - 3 scrolls of teleportation {unknown}
 h - a scroll of amnesia {unknown}
 i - 2 scrolls of identify {unknown}
Potions
 c - a potion of curing {unknown}
 j - a potion of flight {unknown}
Comestibles
 b - a ration
 f - 5 chunks of flesh


   Skills:
 + Level 3.6 Fighting
 + Level 3.1 Dodging
 + Level 2.5 Stealth
 + Level 3.9 Unarmed Combat


You had 2 spell levels left.
You didn't know any spells.
Your spell library was empty.

Dungeon Overview and Level Annotations

Branches:
Dungeon (1/15)

Altars:

Annotations:
D:2 Natasha


Innate Abilities, Weirdness & Mutations

Your body is rotting away.
You thrive on raw meat.
You are immune to poison.
You have sharp fingernails.
You are carnivorous and can eat meat at any time.
Your flesh is cold resistant. (rC+)
You are immune to negative energy. (rN+++)
You do not regenerate when monsters are visible.
You are immune to unholy pain and torment.
You can survive without breathing.


Message History

The crimson imp is heavily wounded.
The crimson imp hits you.
Natasha mumbles some strange words.
You closely miss the crimson imp.
The crimson imp is heavily wounded.
The crimson imp hits you but does no damage.
Natasha barely misses you. The worm misses you.
You claw the crimson imp!
The crimson imp is almost dead.
The crimson imp hits you. The crimson imp barely misses you.
Natasha stares at you and mumbles some strange words.
You feel yourself slow down.
You miss the crimson imp. The crimson imp hits you. x2
Natasha barely misses you. The worm bites you.
* * * LOW HITPOINT WARNING * * *
The crimson imp blinks! x2; The crimson imp misses you.
Natasha claws you.
* * * LOW HITPOINT WARNING * * *
The crimson imp blinks! x2; Natasha claws you!
You die...

#..<...... #......... .
### #......... .. #.#
#......... ... #.##
##........ #... #..#
#......... ###..## #..#
#..<......
......w##..######..<......
.....5§.h@................
.......#>.#...###.........
(......#.####...##.......#
#.###.##.. ............##
# #. ..(..#####.#####..#
##.§.##. ... ... ....##.#
. .#... .


You could see a worm, Natasha and a crimson imp.

Vanquished Creatures
  An adder (D:2)
  An ooze (D:1)
  3 dart slugs (D:1)
  A bat (D:2)
  2 giant cockroaches
  A goblin (D:1)
  A hobgoblin (D:1)
  A quokka (D:2)
  A frilled lizard (D:2)
  3 kobolds (D:1)
  4 rats
19 creatures vanquished.

Notes
Turn   | Place    | Note
-------+----------+-------------------------------------------
     0 | D:1      | flecky the Ghoul Monk began the quest for the Orb.
     0 | D:1      | Reached XP level 1. HP: 19/19 MP: 0/0
    88 | D:1      | Reached XP level 2. HP: 20/26 MP: 1/1
   296 | D:1      | Reached XP level 3. HP: 20/31 MP: 2/2
   308 | D:1      | You fall through a shaft!
   441 | D:2      | Noticed Natasha
   453 | D:2      | Mangled by Natasha

Skill      XL: |  1  2 |
---------------+-------+-----
Dodging        | 3 |  3.1
Fighting       | |  3.6
Stealth        | |  2.5
Unarmed Combat | |  3.9

Action                   || total
-------------------------++-------
Melee: Unarmed           ||    71
       Punch             ||     1
 Stab: Sleeping          ||     1
Armor: Robe              ||    23
Dodge: Dodged            ||    56
